Workbook

Sheet Cover
H3: STRATEGIEKAART
C5: KnowYourFinance | H5: Versie 09-08-2026
B10: Inhoudsopgave | H10: Doel van het model
C11: Bepalingen | E11: Bepalingen voor gebruik | H11: Het model dient als voorbeeld voor de vertaling van de strategie naar concrete doelen, doel - stuurindicatoren, initiatieven, eigenaren, financiële en formatieve middelen en strategische risico's.
C12: Modeltoelichting | E12: Toelichting bij model/instructies
C13: Strategiekaart | E13: Hoofdpagina Strategiekaart
C14: Strategische initiatieven | E14: Uitwerking strategische initiatieven
C15: Strategische risico's | E15: Uitwerking Strategische risico's
C16: Voorbeeld Exploitatie spec | E16: Specificatie van budget en formatie
B20: Model status | H20: Contact
H21: Voor vragen over het model of wilt u ondersteuning bij de implementatie en gebruik? Neem vrijblijvend contact op met KnowYourFinance.
B22: Model checks | D22: 0 | E22: Niet van toepassing
H24: info@knowyourfinance.nl
H25: https://knowyourfinance.nl/
B28: Bepalingen zijn van toepassing op het gebruik van het model. © KnowYourFinance. Alle rechten voorbehouden.

Sheet Bepalingen
B2: Bepalingen voor gebruik
B4: Het model is generiek van opzet, dat als voorbeeld kan dienen voor de vertaling van de strategie ten behoeve van de sturing en strategierealisatie. Zorgvuldige beoordeling dient plaats te vinden of het toepasbaar in uw organisatie en/of uw situatie. Mogelijk moeten aanpassingen gedaan worden om het model te laten aansluiten op uw specifieke omstandigheden, eisen en wensen. Voldoende kennis van excel en financieel modelleren is noodzakelijk voor het aanpassen van het model, het geschikt maken voor een specifieke bedrijfssituatie en het gebruik van het model. Vraag advies van KYF over de geschiktheid, de benodigde aanpassingen en het gebruik van het model.
B5: Het model kan vrij gebruikt worden als aanzet voor eigen gebruik en ten behoeve van ontwikkeling van de eigen kennis.
B6: Het model kan gebruikt voor onderwijskundige doeleinden in klassikale onderwijsvormen en voor praktijkgerichte case studies na toestemming van KYF en onder de voorwaarde dat copyright en intellectuele eigendom van het model worden gerespecteerd.
B7: KnowYourFinance en/of de auteur kunnen niet verantwoordelijk worden gehouden voor een juiste werking van het model in uw specifieke organisatie/onderneming. Ook kunnen KnowYourFinance en/of de auteur niet aansprakelijk worden gesteld voor onjuistheden in het model. KnowYourFinance hecht veel waarde aan kwaliteit en een zinvol gebruik van het model. In het geval van gesignaleerde onjuistheden of onvolkomenheden, zal KnowYourFinance deze zo spoedig mogelijk oplossen, in afstemming met de gebruiker(s) van het model.
B8: KnowYourFinance en de auteur zijn niet verantwoordelijk voor besluitvorming (of achterwege blijven hiervan) op basis van het model, zowel niet in de oorspronkelijke vorm als in aangepaste vorm.
B9: KnowYourFinance is intellectueel eigenaar van het model. Het is niet toegestaan in welke vorm dan ook het model of gedeelten ervan (in oorspronkelijke of aangepaste vorm) te verspreiden of te delen met derden (tegen een vergoeding noch kosteloos), met uitzondering van deling van het model ten behoeve van gebruik en kennisdeling binnen de eigen organisatie/onderneming.

Sheet Modeltoelichting
B2: Toelichtingen bij model
B4: KnowYourFinance
B6: KnowYourFinance heeft als doel organisaties te ondersteunen bij de strategierealisatie en financiële planning, analyse en besluitvorming en de kennis hierover praktisch beschikbaar te stellen.
B7: U kunt contact opnemen met KnowYourFinance bij vragen over het model, of indien u klant-specifieke wensen en toepassingen heeft. We waarderen uw feedback over het model en het delen van uw gebruikservaringen. Wij nodigen u uit een email te sturen of onze webstite te bezoeken via onderstaande links.
B8: info@knowyourfinance.nl
B9: https://knowyourfinance.nl
B11: Model kenmerken en toepasbaarheid
B13: Model type: Strategievertaling en -realisatie
B14: Toepassing: Het model dient als voorbeeld voor de vertaling van de strategie naar concrete doelen, indicatoren, initiatieven, eigenaren, financiële en formatieve middelen en strategische risico's.
B15: Relevant: Het model gaat ervan uit dat een strategie en strategische ambities zijn gedefinieerd. Het model is is een hulpmiddel om de strategie concreet te maken voor realisatie binnen de organisatie en binnen alle organisatieonderdelen. Het is model is echter niet meer dan een hulpmiddel. Factoren voor een succesvolle strategierealisatie die vaak relevanter zijn dan de tooling, zijn: een consistente werkwijze en bespreking tav de strategierealisatie binnen de gehele organisatie, effectief leiderschap en een cultuur gericht op eigenaarschap en passende bevoegdheden, resultaatverantwoordelijkheid, lerend vermogen, transparantie en continu verbeteren.
B18: Praktisch gebruik
B20: Sheet Strategiekaart
... B39: Vaak is het zinvol de mijlpalen te splitsen naar de relevante planningsperioden (bijvoorbeeld kalenderjaren, of kwartalen bij omvangrijke projecten en middelen), om de verwerking in de financiële planningen te vereenvoudigen en om de sturing op de realisatie te verbeteren.

Sheet INVOER->

Sheet Strategiekaart
B1: Strategiekaart | H1: KnowYourFinance
B3: "Wij zijn de dienstverlener die de beste service biedt voor onze klanten"
B4: Doel | C4: Doelindicator | E4: Stuurindicatoren | G4: Strategisch initiatieven en resultaten | H4: Eigenaar
B5: Verhogen van de klantenservice | C5: Klantenwaardering stijging tav service: | D5: +10% | E5: Wachttijd verlaging: Aantal klachten verlaging: First Time Right verhoging: | F5: -10% -20% +20% | G5: Vergroten aantal klant-service medewerkers: +20% per einde jaar 2 | H5: Directeur HR: wervingscampagne en coördinatie Locatiemanager: voortgang werving nieuwe mdw-ers
G6: Training service medewerkers volgens trainingplan xyz: aantal servicemdw-ers getraind per einde jaar 2 = 80% | H6: Directeur HR: organisatie training en communicatie Locatiemanager: voortgang training medewerkers
G7: Mysterie guests en evaluaties: elke 2 jaar wordt elke locatie bezocht door een mystery guest, met opvolgende evaluatie. Aantal locaties bezocht en geëvalueerd per einde jaar 2 = 100% | H7: Directeur Services: organisatie mystery guests en structuur evaluaties Locatiemanager: organiseren evaluaties en opvolging
G8: Ontwikkelen informatie/klantportaal tbv betere informatieverstrekking aan klanten; volledig live per einde jaar 2. | H8: Directeur Services
B9: Doel 2 | C9: <Doelindicator> | E9: <Stuurindicator 1> <Stuurindicator 2> | G9: <Initiatief 1>
G10: <Initiatief 2>
G11: <Initiatief 3>
B12: Doel 3 | C12: <Doelindicator> | E12: <Stuurindicator 1> <Stuurindicator 2> | G12: <Initiatief 1>
G13: <Initiatief 2>
G14: <Initiatief 3>
B15: Doel 4 | C15: <Doelindicator> | E15: <Stuurindicator 1> <Stuurindicator 2> | G15: <Initiatief 1>
G16: <Initiatief 2>
G17: <Initiatief 3>
B18: Volledige sheet is (handmatige) invoer
B19: Targets/streefwaarden gedefinieerd per einde jaar jaar 2, met 50% realisatie per einde jaar jaar 1, tenzij anders gedefinieerd
B20: Definieer strategische initiatieven met meetbare resultaten
B21: Specificeer eigenaren, met onderscheid naar overkoepelende/coördinererende verantwoordelijkheden en lijn/functionele verantwoordelijkheden

Sheet Strategische initiatieven
B1: Strategische initiatieven | K1: KnowYourFinance
B3: =Strategiekaart!B3 -> "Wij zijn de dienstverlener die de beste service biedt voor onze klanten"
H4: Financiële exploitatie
B5: Doel | C5: Strategisch initiatieven | D5: Mijlpalen en resultaten | E5: Planning | F5: Capex | G5: FTE | H5: Totaal 1+2 | I5: Jaar 1 | J5: Jaar 2 | K5: Structureel*
B6: =Strategiekaart!B5 -> Verhogen van de klantenservice | C6: =Strategiekaart!G5 -> Vergroten aantal klant-service medewerkers: +20% per einde jaar 2 | D6: Opzetten en start wervingscampagne Toename servicemdw-ers jaar 1 Toename servicemdw-ers jaar 2 | E6: Q1 jaar 1 +10% +20% | F6: 0 | G6: ='Voorbeeld Exploitatie spec'!K9 -> 10.1 | H6: =SUM(I6:J6) -> 2100 | I6: ='Voorbeeld Exploitatie spec'!H9 -> 550 | J6: ='Voorbeeld Exploitatie spec'!I9 -> 1550 | K6: ='Voorbeeld Exploitatie spec'!J9 -> 2020
C7: =Strategiekaart!G6 -> Training service medewerkers volgens trainingplan xyz: aantal servicemdw-ers getraind per einde jaar 2 = 80% | D7: Inhuren trainingsbureau Opstellen trainigsprogramma's Aantal servicemdw-ers getraind jaar 1 Aantal servicemdw-ers getraind jaar 2 | E7: Q1 jaar 1 Q2 jaar 1 50% 80% | F7: 0 | G7: ='Voorbeeld Exploitatie spec'!K14 -> 2.3 | H7: =SUM(I7:J7) -> 140 | I7: ='Voorbeeld Exploitatie spec'!H14 -> 70 | J7: ='Voorbeeld Exploitatie spec'!I14 -> 70 | K7: ='Voorbeeld Exploitatie spec'!J14 -> 30
C8: =Strategiekaart!G7 -> Mysterie guests en evaluaties: elke 2 jaar wordt elke locatie bezocht door een mystery guest, met opvolgende evaluatie. Aantal locaties bezocht en geëvalueerd per einde jaar 2 = 100% | D8: Selectie mystery guest bureau Aantal locaties bezocht/geëvalueerd in jaar 1 jaar 2 | E8: Q1 jaar 1 50% 100% | F8: 0 | G8: ='Voorbeeld Exploitatie spec'!K18 -> 0.2 | H8: =SUM(I8:J8) -> 100 | I8: ='Voorbeeld Exploitatie spec'!H18 -> 50 | J8: ='Voorbeeld Exploitatie spec'!I18 -> 50 | K8: ='Voorbeeld Exploitatie spec'!J18 -> 50
C9: =Strategiekaart!G8 -> Ontwikkelen informatie/klantportaal tbv betere informatieverstrekking aan klanten; volledig live per einde jaar 2. | D9: Planning: - Specificatie van eisen en wensen - Selectie software partner - Pilot 2 locaties - Alle locaties live | E9: Q2 jaar 1 Jaar 1 Q2 jaar 2 Jaar 2 | F9: 0 | G9: ='Voorbeeld Exploitatie spec'!K23 -> 0.9 | H9: =SUM(I9:J9) -> 200 | I9: ='Voorbeeld Exploitatie spec'!H23 -> 100 | J9: ='Voorbeeld Exploitatie spec'!I23 -> 100 | K9: ='Voorbeeld Exploitatie spec'!J23 -> 100
B10: Totaal Doel | F10: =SUM(F6:F9) -> 0 | G10: =SUM(G6:G9) -> 13.5 | H10: =SUM(H6:H9) -> 2540 | I10: =SUM(I6:I9) -> 770 | J10: =SUM(J6:J9) -> 1770 | K10: =SUM(K6:K9) -> 2200
B11: =Strategiekaart!B9 -> Doel 2 | C11: =Strategiekaart!G9 -> <Initiatief 1> | F11: 0 | G11: 0 | H11: =SUM(I11:J11) -> 0 | I11: 0 | J11: 0 | K11: 0
C12: =Strategiekaart!G10 -> <Initiatief 2> | F12: 0 | G12: 0 | H12: =SUM(I12:J12) -> 0 | I12: 0 | J12: 0 | K12: 0
C13: =Strategiekaart!G11 -> <Initiatief 3> | F13: 0 | G13: 0 | H13: =SUM(I13:J13) -> 0 | I13: 0 | J13: 0 | K13: 0
B14: Totaal Doel | F14: =SUM(F11:F13) -> 0 | G14: =SUM(G11:G13) -> 0 | H14: =SUM(H11:H13) -> 0 | I14: =SUM(I11:I13) -> 0 | J14: =SUM(J11:J13) -> 0 | K14: =SUM(K11:K13) -> 0
B15: =Strategiekaart!B12 -> Doel 3 | C15: =Strategiekaart!G12 -> <Initiatief 1> | F15: 0 | G15: 0 | H15: =SUM(I15:J15) -> 0 | I15: 0 | J15: 0 | K15: 0
C16: =Strategiekaart!G13 -> <Initiatief 2> | F16: 0 | G16: 0 | H16: =SUM(I16:J16) -> 0 | I16: 0 | J16: 0 | K16: 0
C17: =Strategiekaart!G14 -> <Initiatief 3> | F17: 0 | G17: 0 | H17: =SUM(I17:J17) -> 0 | I17: 0 | J17: 0 | K17: 0
B18: Totaal Doel | F18: =SUM(F15:F17) -> 0 | G18: =SUM(G15:G17) -> 0 | H18: =SUM(H15:H17) -> 0 | I18: =SUM(I15:I17) -> 0 | J18: =SUM(J15:J17) -> 0 | K18: =SUM(K15:K17) -> 0
B19: =Strategiekaart!B15 -> Doel 4 | C19: =Strategiekaart!G15 -> <Initiatief 1> | F19: 0 | G19: 0 | H19: =SUM(I19:J19) -> 0 | I19: 0 | J19: 0 | K19: 0
C20: =Strategiekaart!G16 -> <Initiatief 2> | F20: 0 | G20: 0 | H20: =SUM(I20:J20) -> 0 | I20: 0 | J20: 0 | K20: 0
C21: =Strategiekaart!G17 -> <Initiatief 3> | F21: 0 | G21: 0 | H21: =SUM(I21:J21) -> 0 | I21: 0 | J21: 0 | K21: 0
B22: Totaal Doel | F22: =SUM(F19:F21) -> 0 | G22: =SUM(G19:G21) -> 0 | H22: =SUM(H19:H21) -> 0 | I22: =SUM(I19:I21) -> 0 | J22: =SUM(J19:J21) -> 0 | K22: =SUM(K19:K21) -> 0
B24: Totaal | F24: =SUM(F10,F14,F18,F22) -> 0 | G24: =SUM(G10,G14,G18,G22) -> 13.5 | H24: =SUM(H10,H14,H18,H22) -> 2540 | I24: =SUM(I10,I14,I18,I22) -> 770 | J24: =SUM(J10,J14,J18,J22) -> 1770 | K24: =SUM(K10,K14,K18,K22) -> 2200
B25: Euro bedragen x 1.000
B26: Kolommen Mijlpalen en resultaten, Planning en Capex zijn (handmatige) invoer
B27: Mijlpalen en resultaten op hoofdlijnen; detailplanning wordt aanvullende opgesteld bij de jaarplanning/jaarbegroting
B28: Capex = investering met meerjarige afschrijvingen; vereist afzonderlijke business case
B29: Maak een specificatie van benodigde middelen en formatie per mijlpaal/resultaat, zoals Voorbeeld Exploitatie spec. Koppel FTE en Financiële exploitatie aan de specificatie, zie check onderaan sheet
B30: FTE = inschatting van benodige interne inzet medewerkers per jaar
B31: Financiële exploitatie = Inschatting van kosten per jaar; verder te specificeren en op te nemen in financiële meerjarenbegroting en jaarbegroting
B32: Structureel* = jaarlijkse kosten na jaar 2
B36: Check
B38: Totaal optelling deze sheet | F38: =F24 -> 0 | G38: =G24 -> 13.5 | H38: =H24 -> 2540 | I38: =I24 -> 770 | J38: =J24 -> 1770 | K38: =K24 -> 2200
B39: Totaal sheet Exploitatie specificatie | F39: ='Voorbeeld Exploitatie spec'!F28 -> 0 | G39: ='Voorbeeld Exploitatie spec'!K28 -> 13.5 | H39: ='Voorbeeld Exploitatie spec'!G28 -> 2540 | I39: ='Voorbeeld Exploitatie spec'!H28 -> 770 | J39: ='Voorbeeld Exploitatie spec'!I28 -> 1770 | K39: ='Voorbeeld Exploitatie spec'!J28 -> 2200
B40: Verschil | F40: =F39-F38 -> 0 | G40: =G39-G38 -> 0 | H40: =H39-H38 -> 0 | I40: =I39-I38 -> 0 | J40: =J39-J38 -> 0 | K40: =K39-K38 -> 0

Sheet Strategische risico's
B1: Strategische risico's | E1: KnowYourFinance
B3: =Strategiekaart!B3 -> "Wij zijn de dienstverlener die de beste service biedt voor onze klanten"
B4: Doel | C4: Risico's/aandachtspunten | D4: Beheersmaatregelen/acties | E4: Eigenaar
B5: =Strategiekaart!B5 -> Verhogen van de klantenservice | C5: Onzekerheid/onduidelijkheid bij medewerkers | D5: Veranderprogramma, met oa introductie moment met toelichting van directeur, team- en persoonlijke begeleiding door locatiemanager, informatiebulletins, incl toelichting op strategische relevantie. Jaarlijkse beoordeling aansluiten op nieuwe ontwikkeling en verwachtingen, met incentives voor afronden trainingen en rol in veranderproces. | E5: Manager Communicatie Locatie Manager Directeur HR
C6: Mogelijk: niet alle teams en alle mdw-ers zullen even snel meegaan in verandering | D6: Uitgebreidere training en coaching beschikbaar stellen voor mdw-ers en teams indien nodig. Initiëren kennisdeling tussen teams. Leren van koplopers. | E6: Directeur HR: coördineren aanvullende training en coaching Locatiemanager: team- en medewerkerontwikkeling Directeur Services: kennisdeling tussen locaties coördineren
C7: Onvoldoende zicht op markt van softwareleveranciers klantsystemen | D7: Uitvoeren van een martverkenning om markt van informatiesystemen in kaart te brengen en potentiële leveranciers mee te nemen in het proces. | E7: Directeur Services
B9: =Strategiekaart!B9 -> Doel 2 | C9: <Risico 1>
C10: <Risico 2>
C11: <Risico 3>
B13: =Strategiekaart!B12 -> Doel 3 | C13: <Risico 1>
C14: <Risico 2>
C15: <Risico 3>
B17: =Strategiekaart!B15 -> Doel 4 | C17: <Risico 1>
C18: <Risico 2>
C19: <Risico 3>
B21: De kolommen Risico's/aandachtspunten, Beheersmaatregelen/acties en Eigenaar zijn (handmatige) invoer
B22: Risico's/aandachtspunten betreffen strategische risico's tav het gestelde doel
B23: Definieer één of meer beheersmaatregelen/acties om een risico te mitigeren of om de impact bij het voortdoen van het risico te beperken
B24: Definieer een eigenaar per risico en/of per beheersmaatregel

Sheet Voorbeeld Exploitatie spec
B1: Exploitatie specificatie | O1: KnowYourFinance
B3: =Strategiekaart!B3 -> "Wij zijn de dienstverlener die de beste service biedt voor onze klanten"
B4: Doel | C4: Strategisch initiatieven | D4: Mijlpalen en resultaten | E4: Planning | F4: Capex | G4: Financiële exploitatie | K4: Formatie intern gem fte | O4: Budget- houder
G5: Totaal 1+2 | H5: Jaar 1 | I5: Jaar 2 | J5: Structureel* | K5: Gem 1+2 | L5: Jaar 1 | M5: Jaar 2 | N5: Structureel*
B6: =Strategiekaart!B5 -> Verhogen van de klantenservice | C6: =Strategiekaart!G5 -> Vergroten aantal klant-service medewerkers: +20% per einde jaar 2 | D6: Opzetten en start wervingscampagne | E6: Q1 jaar 1 | F6: 0 | G6: =SUM(H6:I6) -> 100 | H6: 50 | I6: 50 | J6: 20 | K6: =SUM(L6:M6)/2 -> 0.1 | L6: 0.1 | M6: 0.1 | N6: 0.1 | O6: HR
D7: Toename servicemdw-ers jaar 1 | E7: +10% | F7: 0 | G7: =SUM(H7:I7) -> 1500 | H7: 500 | I7: 1000 | J7: 1000 | K7: =SUM(L7:M7)/2 -> 7.5 | L7: 5 | M7: 10 | N7: 10 | O7: Locatie
D8: Toename servicemdw-ers jaar 2 | E8: +20% | F8: 0 | G8: =SUM(H8:I8) -> 500 | I8: 500 | J8: 1000 | K8: =SUM(L8:M8)/2 -> 2.5 | L8: 0 | M8: 5 | N8: 10 | O8: Locatie
D9: Totaal initiatief | F9: =SUM(F6:F8) -> 0 | G9: =SUM(G6:G8) -> 2100 | H9: =SUM(H6:H8) -> 550 | I9: =SUM(I6:I8) -> 1550 | J9: =SUM(J6:J8) -> 2020 | K9: =SUM(K6:K8) -> 10.1 | L9: =SUM(L6:L8) -> 5.1 | M9: =SUM(M6:M8) -> 15.1 | N9: =SUM(N6:N8) -> 20.1
C10: =Strategiekaart!G6 -> Training service medewerkers volgens trainingplan xyz: aantal servicemdw-ers getraind per einde jaar 2 = 80% | D10: Inhuren trainingsbureau | E10: Q1 jaar 1 | F10: 0 | G10: =SUM(H10:I10) -> 0 | K10: =SUM(L10:M10)/2 -> 0.1 | L10: 0.1 | M10: 0.1 | N10: 0.1 | O10: HR
D11: Opstellen trainigsprogramma's | E11: Q2 jaar 1 | F11: 0 | G11: =SUM(H11:I11) -> 0 | K11: =SUM(L11:M11)/2 -> 0.2 | L11: 0.2 | M11: 0.2 | N11: 0.2 | O11: HR
D12: Aantal servicemdw-ers getraind jaar 1 | E12: +50% | F12: 0 | G12: =SUM(H12:I12) -> 70 | H12: 70 | K12: =SUM(L12:M12)/2 -> 1 | L12: 1 | M12: 1 | N12: 1 | O12: Locatie
D13: Aantal servicemdw-ers getraind jaar 2+ | E13: +80% | F13: 0 | G13: =SUM(H13:I13) -> 70 | I13: 70 | J13: 30 | K13: =SUM(L13:M13)/2 -> 1 | L13: 1 | M13: 1 | N13: 1 | O13: Locatie
D14: Totaal initiatief | F14: =SUM(F10:F13) -> 0 | G14: =SUM(G10:G13) -> 140 | H14: =SUM(H10:H13) -> 70 | I14: =SUM(I10:I13) -> 70 | J14: =SUM(J10:J13) -> 30 | K14: =SUM(K10:K13) -> 2.3 | L14: =SUM(L10:L13) -> 2.3 | M14: =SUM(M10:M13) -> 2.3 | N14: =SUM(N10:N13) -> 2.3
C15: =Strategiekaart!G7 -> Mysterie guests en evaluaties: elke 2 jaar wordt elke locatie bezocht door een mystery guest, met opvolgende evaluatie. Aantal locaties bezocht en geëvalueerd per einde jaar 2 = 100% | D15: Selectie mystery guest bureau | E15: Q1 jaar 1 | F15: 0 | G15: =SUM(H15:I15) -> 0 | K15: =SUM(L15:M15)/2 -> 0.1 | L15: 0.1 | M15: 0.1 | N15: 0.1 | O15: Services
D16: Aantal locaties bezocht jaar 1 | E16: 50% | F16: 0 | G16: =SUM(H16:I16) -> 50 | H16: 50 | K16: =SUM(L16:M16)/2 -> 0.05 | L16: 0.1 | O16: Services
D17: Aantal locaties bezocht jaar 2+ | E17: 100% | F17: 0 | G17: =SUM(H17:I17) -> 50 | I17: 50 | J17: 50 | K17: =SUM(L17:M17)/2 -> 0.05 | M17: 0.1 | N17: 0.1 | O17: Services
D18: Totaal initiatief | F18: =SUM(F15:F17) -> 0 | G18: =SUM(G15:G17) -> 100 | H18: =SUM(H15:H17) -> 50 | I18: =SUM(I15:I17) -> 50 | J18: =SUM(J15:J17) -> 50 | K18: =SUM(K15:K17) -> 0.2 | L18: =SUM(L15:L17) -> 0.2 | M18: =SUM(M15:M17) -> 0.2 | N18: =SUM(N15:N17) -> 0.2
C19: =Strategiekaart!G8 -> Ontwikkelen informatie/klantportaal tbv betere informatieverstrekking aan klanten; volledig live per einde jaar 2. | D19: Specificatie van eisen en wensen | E19: Q2 jaar 1 | F19: 0 | G19: =SUM(H19:I19) -> 0 | K19: =SUM(L19:M19)/2 -> 0.25 | L19: 0.5 | O19: Services
D20: Selectie software partner | E20: Jaar 1 | F20: 0 | G20: =SUM(H20:I20) -> 0 | K20: =SUM(L20:M20)/2 -> 0.15 | L20: 0.3 | O20: Services
D21: Pilot 2 locaties | E21: Q2 jaar 2 | F21: 0 | G21: =SUM(H21:I21) -> 120 | H21: 100 | I21: 20 | J21: 50 | K21: =SUM(L21:M21)/2 -> 0.25 | L21: 0.2 | M21: 0.3 | O21: Services
D22: Alle locaties live | E22: Jaar 2 | F22: 0 | G22: =SUM(H22:I22) -> 80 | I22: 80 | J22: 50 | K22: =SUM(L22:M22)/2 -> 0.25 | M22: 0.5 | N22: 0.2 | O22: Services
D23: Totaal initiatief | F23: =SUM(F19:F22) -> 0 | G23: =SUM(G19:G22) -> 200 | H23: =SUM(H19:H22) -> 100 | I23: =SUM(I19:I22) -> 100 | J23: =SUM(J19:J22) -> 100 | K23: =SUM(K19:K22) -> 0.9 | L23: =SUM(L19:L22) -> 1 | M23: =SUM(M19:M22) -> 0.8 | N23: =SUM(N19:N22) -> 0.2
C24: Totaal Doel | F24: =F9+F14+F18+F23 -> 0 | G24: =G9+G14+G18+G23 -> 2540 | H24: =H9+H14+H18+H23 -> 770 | I24: =I9+I14+I18+I23 -> 1770 | J24: =J9+J14+J18+J23 -> 2200 | K24: =K9+K14+K18+K23 -> 13.5 | L24: =L9+L14+L18+L23 -> 8.6 | M24: =M9+M14+M18+M23 -> 18.4 | N24: =N9+N14+N18+N23 -> 22.8
B25: Doel 2
B26: Doel 3
B27: Doel 4
B28: Totaal | F28: =F24+F25+F26+F27 -> 0 | G28: =G24+G25+G26+G27 -> 2540 | H28: =H24+H25+H26+H27 -> 770 | I28: =I24+I25+I26+I27 -> 1770 | J28: =J24+J25+J26+J27 -> 2200 | K28: =K24+K25+K26+K27 -> 13.5 | L28: =L24+L25+L26+L27 -> 8.6 | M28: =M24+M25+M26+M27 -> 18.4 | N28: =N24+N25+N26+N27 -> 22.8
B29: Euro bedragen x 1.000
B30: Capex = investering met meerjarige afschrijvingen; vereist afzonderlijke business case
B31: FTE = inschatting van benodige interne inzet medewerkers per jaar
B32: Financiële exploitatie = Inschatting van kosten per jaar; verder te specificeren en op te nemen in financiële meerjarenbegroting en jaarbegroting
B33: Totaal 1+2 = optelling exploitatie jaren 1 en 2
B34: Structureel* = jaarlijkse kosten na jaar 2
B35: FTE = inschatting van benodige interne inzet medewerkers per jaar, in gemiddelde fte over de periode
B36: Gem 1+2 = gemiddelde fte over de jaren 1 en 2
B37: Budgethouder = organisatieonderdeel die verantwoordelijk is voor financiële begroting en realisatie
